[Event "ICC tourney 3207 (40 10)"]
[Site "Internet Chess Club"]
[Date "2023.06.03"]
[Round "4"]
[White "GAW, ZACHARY:zman-g"]
[Black "Zhuge, Alexandra:MonkeyTree"]
[Result "1-0"]
[ICCResult "Black checkmated"]
[WhiteElo "1142"]
[BlackElo "846"]
[Opening "Giuoco Piano"]
[ECO "C50"]
[NIC "IG.02"]
[Time "17:45:39"]
[PlyCount "89"]
[TimeControl "2400+10"]

1. e4 e5 2. Nf3 Nc6 3. Bc4 Bc5 4. O-O Nf6 5. d3 h6 6. Nc3 O-O 7. Be3 Bb6 8.
Qd2 Ng4 9. Bxb6 axb6 10. h3 Nf6 11. Rfe1 d6 12. a3 Be6 13. Nd5 Na5 14. Ba2
c6 15. Nxf6+ Qxf6 16. b4 Bxh3 17. gxh3 Qxf3 18. bxa5 Rxa5 19. Qe3 Qxe3 20.
Rxe3 Rxa3 21. Bxf7+ Rxf7 22. Rxa3 g5 23. Ra8+ Kh7 24. Kg2 h5 25. Rf3 Rg7 26.
Rg3 h4 27. Rg4 Kh6 28. Rf8 Rg6 29. Rf7 Re6 30. Rxb7 b5 31. Rb6 c5 32. Rxb5
Kg6 33. Rb8 Kf6 34. Rf8+ Kg7 35. Rd8 Kf6 36. Rg8 Ke7 37. R4xg5 Kd7 38. R5g7+
Kc6 39. Rc8+ Kb6 40. Rcc7 Re8 41. Rb7+ Ka6 42. Rb1 Rd8 43. Rgb7 Rc8 44. R7b2
Ka5 45. Ra2# {Black checkmated} 1-0

[Event "ICC tourney 3207 (40 10)"]
[Site "Internet Chess Club"]
[Date "2023.06.03"]
[Round "4"]
[White "Wu, Andy:AndyW2027"]
[Black "Oliver, Prinxe:Prinxe"]
[Result "1-0"]
[ICCResult "Black forfeits on time"]
[WhiteElo "1355"]
[BlackElo "1301"]
[Opening "Caro-Kann: Panov-Botvinnik attack"]
[ECO "B13"]
[NIC "CK.03"]
[Time "17:45:41"]
[PlyCount "105"]
[TimeControl "2400+10"]

1. e4 c6 2. d4 d5 3. exd5 cxd5 4. c4 Nf6 5. Nc3 Nc6 6. Nf3 Bg4 7. cxd5 Nxd5
8. Qb3 Bxf3 9. gxf3 Nxc3 10. bxc3 Qc7 11. d5 Nb8 12. Bf4 Qb6 13. Qxb6 axb6
14. Bxb8 Rxb8 15. Rb1 g6 16. Rxb6 Bg7 17. Kd2 O-O 18. Bd3 Rfc8 19. Rb3 Rc5
20. c4 Ra5 21. a3 Rba8 22. Rxb7 Rxa3 23. Ke3 e5 24. Rhb1 f5 25. Rb8+ Rxb8
26. Rxb8+ Kf7 27. Rb7+ Kf6 28. Kd2 Bh6+ 29. Kc2 Ra2+ 30. Rb2 Rxb2+ 31. Kxb2
Bf8 32. Kb3 Bc5 33. Ka4 Bxf2 34. Kb5 g5 35. Kc6 Be1 36. c5 g4 37. fxg4 e4
38. Be2 f4 39. Kd7 Ba5 40. c6 f3 41. Bc4 e3 42. d6 e2 43. c7 Bxc7 44. dxc7
e1=Q 45. c8=Q Qe7+ 46. Kc6 Qe4+ 47. Kb5 Qb1+ 48. Kc5 Qg1+ 49. Kc6 Qxh2 50.
Qf8+ Kg5 51. Qf5+ Kh4 52. Qh5+ Kg3 53. Qe5+ {Black forfeits on time} 1-0

[Event "ICC tourney 3207 (40 10)"]
[Site "Internet Chess Club"]
[Date "2023.06.03"]
[Round "4"]
[White "ASKEW, GEORGE:BlueStorm"]
[Black "ANGEL, BORYS:BArkadia"]
[Result "0-1"]
[ICCResult "White checkmated"]
[WhiteElo "1238"]
[BlackElo "1372"]
[Opening "Queen's pawn: London system"]
[ECO "A45"]
[NIC "QP.07"]
[Time "17:45:42"]
[PlyCount "104"]
[TimeControl "2400+10"]

1. d4 Nf6 2. Bf4 d6 3. e3 g6 4. h3 Bg7 5. Nf3 Nbd7 6. Be2 O-O 7. O-O Re8 8.
Nbd2 e5 9. dxe5 dxe5 10. Bh2 e4 11. Nd4 a6 12. c3 c5 13. N4b3 b5 14. Rc1 Qb6
15. Qc2 Bb7 16. Rfd1 a5 17. Nf1 a4 18. Rd6 Bc6 19. Na1 Bf8 20. Rd2 Ne5 21.
Rcd1 Nc4 22. Bxc4 bxc4 23. Bd6 a3 24. Bxf8 Kxf8 25. b3 cxb3 26. Nxb3 c4 27.
Nd4 Ba4 28. Qb1 Qa5 29. Rc1 Rab8 30. Qa1 Rb7 31. Nc2 Bxc2 32. Rcxc2 Reb8 33.
Qd1 Rb2 34. Qe2 Rxc2 35. Rxc2 Qa4 36. Qd2 Rb1 37. Rc1 Rb2 38. Qd6+ Kg7 39.
Nd2 Rxa2 40. Qb4 Qxb4 41. cxb4 Rxd2 42. Rxc4 Rd1+ 43. Kh2 a2 44. b5 a1=Q 45.
Rb4 Rh1+ 46. Kg3 Qe5+ 47. f4 exf3+ 48. Rf4 Nh5+ 49. Kg4 Nxf4 50. exf4 Qh5+
51. Kg3 Rg1 52. b6 Rxg2# {White checkmated} 0-1

[Event "ICC tourney 3207 (40 10)"]
[Site "Internet Chess Club"]
[Date "2023.06.03"]
[Round "5"]
[White "BHARDWAJ, ARYAMAN:K03-17148228"]
[Black "Chiappetta, Graydon:loopy"]
[Result "0-1"]
[ICCResult "White resigns"]
[WhiteElo "591"]
[BlackElo "889"]
[Opening "Scotch game"]
[ECO "C45"]
[NIC "SO.04"]
[Time "20:01:42"]
[PlyCount "32"]
[TimeControl "2400+10"]

1. e4 e5 2. Nf3 Nc6 3. d4 exd4 4. Nxd4 Be7 5. Nxc6 bxc6 6. Qg4 Nf6 7. Qxg7
Rf8 8. e5 Rg8 9. Qh6 Rg6 10. Qe3 Nd5 11. Qd4 h5 12. Bd3 Rg4 13. O-O Rxd4 14.
Re1 Bg5 15. Nd2 Qe7 16. Nb3 Rb4 {White resigns} 0-1

[Event "ICC tourney 3207 (40 10)"]
[Site "Internet Chess Club"]
[Date "2023.06.03"]
[Round "5"]
[White "Romanyuk, Nikita:NikitaR"]
[Black "ASKEW, GEORGE:BlueStorm"]
[Result "1/2-1/2"]
[ICCResult "Game drawn by mutual agreement"]
[WhiteElo "1056"]
[BlackElo "1238"]
[Opening "Caro-Kann: two knights, 3...Bg4"]
[ECO "B10"]
[NIC "CK.01"]
[Time "20:00:09"]
[PlyCount "85"]
[TimeControl "2400+10"]

1. e4 c6 2. Nf3 d5 3. Nc3 Bg4 4. h3 Bh5 5. g4 Bg6 6. d3 dxe4 7. Nxe4 Bxe4 8.
dxe4 Qxd1+ 9. Kxd1 e6 10. Bg2 Bc5 11. Ke2 Na6 12. c3 O-O-O 13. Be3 Ne7 14.
b4 Bxe3 15. Kxe3 Rd7 16. Rhd1 Rhd8 17. Rxd7 Rxd7 18. Ne5 Rc7 19. Nxf7 Nd5+
20. exd5 Rxf7 21. dxc6 bxc6 22. Bxc6 Rc7 23. b5 Nb8 24. Rc1 Nxc6 25. bxc6
Rxc6 26. c4 Kc7 27. c5 Ra6 28. Rc2 Ra3+ 29. Kf4 Rxh3 30. f3 Kc6 31. a4 g5+
32. Kxg5 Rxf3 33. Re2 Kxc5 34. Rxe6 Kb4 35. Re7 a5 36. Rxh7 Kxa4 37. Rb7 Rb3
38. Rxb3 Kxb3 39. Kf5 a4 40. g5 a3 41. g6 a2 42. g7 a1=Q 43. g8=Q+
{Game drawn by mutual agreement}
1/2-1/2

[Event "ICC tourney 3207 (40 10)"]
[Site "Internet Chess Club"]
[Date "2023.06.03"]
[Round "5"]
[White "ANGEL, BORYS:BArkadia"]
[Black "Wu, Andy:AndyW2027"]
[Result "1/2-1/2"]
[ICCResult "Game drawn by mutual agreement"]
[WhiteElo "1372"]
[BlackElo "1355"]
[Opening "Sicilian defense"]
[ECO "B34"]
[NIC "SI.33"]
[Time "20:00:21"]
[PlyCount "60"]
[TimeControl "2400+10"]

1. e4 c5 2. Nf3 Nc6 3. d4 cxd4 4. Nxd4 g6 5. f4 Bg7 6. Nxc6 bxc6 7. Nc3 d6
8. Be3 Nf6 9. Be2 O-O 10. O-O Bd7 11. f5 Qc7 12. Qd2 Rfd8 13. fxg6 hxg6 14.
Rad1 Be6 15. Bh6 d5 16. Bf4 Qb6+ 17. Be3 Qxb2 18. Rb1 Qa3 19. Rb3 Qa5 20. e5
Ne4 21. Nxe4 Qxd2 22. Nxd2 d4 23. Bc4 Bxc4 24. Nxc4 dxe3 25. Rxe3 Rd4 26.
Na5 Rc8 27. Rc3 c5 28. Rcf3 f5 29. exf6 exf6 30. Nb3 Rc4
{Game drawn by mutual agreement}
1/2-1/2

[Event "ICC tourney 3207 (40 10)"]
[Site "Internet Chess Club"]
[Date "2023.06.03"]
[Round "5"]
[White "Oliver, Prinxe:Prinxe"]
[Black "TJIPTO, GAVIN:akudakudaku"]
[Result "0-1"]
[ICCResult "Black declared winner by adjudication"]
[WhiteElo "1301"]
[BlackElo "1398"]
[Opening "QGD: Albin counter-gambit, 5.g3"]
[ECO "D09"]
[NIC "QG.02"]
[Time "20:00:12"]
[PlyCount "36"]
[TimeControl "2400+10"]

1. d4 d5 2. c4 e5 3. dxe5 d4 4. Nf3 Nc6 5. g3 Be6 6. b3 Qd7 7. Bg2 O-O-O 8.
O-O Nge7 9. Bb2 Ng6 10. Na3 Ngxe5 11. Nxe5 Nxe5 12. Nb5 Bc5 13. e3 Bg4 14.
Qd2 Nf3+ 15. Bxf3 Bxf3 16. Qa5 Bb6 17. Nxa7+ Kb8 18. Qb5 Qh3
{Black declared winner by adjudication}
0-1

[Event "ICC tourney 3207 (40 10)"]
[Site "Internet Chess Club"]
[Date "2023.06.03"]
[Round "5"]
[White "KINKUS, SAM E:Grandslam34"]
[Black "Li, Marissa:meichen"]
[Result "0-1"]
[ICCResult "White resigns"]
[WhiteElo "935"]
[BlackElo "884"]
[Opening "Giuoco Piano"]
[ECO "C54"]
[NIC "IG.02"]
[Time "20:02:07"]
[PlyCount "100"]
[TimeControl "2400+10"]

1. e4 e5 2. Nf3 Nc6 3. Bc4 Bc5 4. c3 Nf6 5. d3 d6 6. b4 Bb6 7. a4 a6 8. O-O
O-O 9. a5 Ba7 10. h3 Be6 11. Bxe6 fxe6 12. Bg5 d5 13. Nbd2 h6 14. Bxf6 Qxf6
15. Re1 d4 16. Nc4 dxc3 17. Qc2 Bd4 18. Nxd4 exd4 19. e5 Qf5 20. Rab1 b5 21.
axb6 cxb6 22. Nxb6 Rad8 23. Nc4 Rd5 24. Nd6 Qf4 25. Re4 Qd2 26. Rc1 Nxb4 27.
Qxd2 cxd2 28. Rd1 Nxd3 29. Rxd2 Nxe5 30. Rdxd4 Rxd4 31. Rxd4 Nc6 32. Re4 e5
33. Nc4 Re8 34. Re2 a5 35. Ra2 Ra8 36. f3 a4 37. Kf2 Nb4 38. Ra1 Nc2 39. Ra2
a3 40. Ke2 Ra4 41. Kd1 Rxc4 42. Rxc2 Rxc2 43. Kxc2 Kf7 44. Kb3 Kf6 45. Kxa3
Kg5 46. g3 Kf5 47. Kb3 e4 48. fxe4+ Kxe4 49. Kc3 Kf3 50. Kd2 Kxg3
{White resigns}
0-1